 Dungeon Sprint DCSS version 0.26-a0-660-gc07710193c (webtiles) character file.

Game seed: 8117137184490136388

13756 mhtbhm the Sorcerer (level 11, -1/59 HPs)
             Began as a Deep Elf Ice Elementalist on Oct 8, 2020.
             Was the Champion of Vehumet.
             Slain by a stone giant (35 damage)
             ... in the Dungeon (Sprint IX: "|||||||||||||||||||||||||||||").
             The game lasted 00:12:20 (3654 turns).

mhtbhm the Sorcerer (Deep Elf Ice Elementalist)     Turns: 3654, Time: 00:12:20

Health: -1/59      AC: 10    Str:  5    XL:     11   Next: 79%
Magic:  18/38      EV: 21    Int: 24    God:    Vehumet [******]
Gold:   89         SH:  0    Dex: 19    Spells: 22/52 levels left

rFire    . . .     SeeInvis .   l - +7 short sword of Discomfort {vorpal, +Inv rPois MR++ Dex-2}
rCold    . . .     Faith    .   (no shield)
rNeg     . . .     Spirit   .   a - +2 robe {MR+}
rPois    +         Reflect  .   n - +0 helmet
rElec    .         Harm     .   s - +0 cloak
rCorr    .         Rampage  +   t - +0 pair of gloves
MR       ++++.     NoTele   +   m - +2 pair of boots {rampage}
Stlth    ++++......             (no amulet)
HPRegen  0.19/turn              p - +3 ring of dexterity
MPRegen  0.26/turn              o - +3 ring of dexterity

@: frozen ramparts, very slightly contaminated
A: no striking features
a: Renounce Religion, Evoke Invisibility


You were in the Dungeon.
You worshipped Vehumet.
Vehumet was exalted by your worship.
You visited 1 branch You collected 1932 gold pieces.
You spent 1843 gold pieces at shops.

Inventory:

Hand Weapons
 l - the +7 short sword of Discomfort (weapon) {vorpal, +Inv rPois MR++ Dex-2}
   (You found it in the Dungeon)

   It inflicts extra damage upon your enemies.
   It affects your dexterity (-2).
   It protects you from poison.
   It affects your resistance to hostile enchantments.
   It lets you turn invisible.
Missiles
 y - 9 curare-tipped darts (quivered)
Armour
 a - a +2 robe of magic resistance (worn)
 m - a +2 pair of boots of rampaging (worn)
 n - a +0 helmet (worn)
 s - a +0 cloak (worn)
 t - a +0 pair of gloves (worn)
Jewellery
 o - a +3 ring of dexterity (right hand)
 p - a +3 ring of dexterity (left hand)
 z - an uncursed ring of see invisible
 A - an uncursed ring of protection from cold
 B - an uncursed ring of ice
Wands
 u - a wand of enslavement (7)
 w - a wand of acid (10)
Scrolls
 b - 6 scrolls of remove curse
 h - 2 scrolls of amnesia
 i - 2 scrolls of blinking
 q - 2 scrolls of enchant weapon
 r - 2 scrolls of identify
 D - a scroll of fear
 E - 2 scrolls of enchant armour
 F - a scroll of fog
Potions
 c - 9 potions of curing
 d - 11 potions of heal wounds
 e - a potion of haste
 f - 5 potions of magic
 g - 2 potions of berserk rage
 j - 2 potions of invisibility
 k - 2 potions of resistance
 x - 2 potions of mutation
 C - a potion of stabbing
Miscellaneous
 v - a tin of tremorstones (3/3)


   Skills:
 + Level 2.8 Fighting
   Level 2.4 Staves
 + Level 10.6 Dodging
 + Level 7.5 Stealth
 + Level 21.4 Spellcasting
 + Level 8.2 Conjurations
 + Level 3.6 Summonings
 + Level 1.3 Fire Magic
 + Level 19.4 Ice Magic
 + Level 1.1 Earth Magic
 + Level 6.3 Evocations


You had 22 spell levels left.
You knew the following spells:

 Your Spells              Type           Power        Failure   Level
a - Freeze                Ice            ####         0%          1
b - Frozen Ramparts       Ice            ######       0%          3
c - Ozocubu's Armour      Ice            #######.     0%          3
d - Hailstorm             Conj/Ice       #######.     1%          4
e - Summon Ice Beast      Ice/Summ       ######..     1%          4
f - Sticky Flame          Conj/Fire      #####...     1%          4
g - Bolt of Magma         Conj/Fire/Erth #####.....   3%          5
h - Iron Shot             Conj/Erth      #####.....   11%         6

Your spell library contained the following spells:

 Spells                   Type           Power        Failure   Level
 Iskenderun's Mystic Bla  Conj/Tloc      #####...     1%          4
 Iskenderun's Battlesphe  Conj           ######..     1%          5
 Orb of Destruction       Conj           ######....   13%         7
 Spellforged Servitor     Conj/Summ      ######....   30%         7


Dungeon Overview and Level Annotations

Branches:
Dungeon (1/1)

Altars:
Cheibriados
Dithmenos
Elyvilon
Fedhas
Gozag
Hepliaklqana
Kikubaaqudgha
Makhleb
Nemelex Xobeh
Okawaru
Qazlal
Ru
Sif Muna
Trog
Uskayaw
Vehumet
Wu Jian
Xom
Yredelemnul
Zin
The Shining One
Beogh
Jiyva
Lugonu

Shops:
D }!(:


Message History

Aim: a stone giant, quivering 4 large rocks (lightly wounded)
The iron shot hits the stone giant!
The stone giant is moderately wounded.
A centaur warrior comes into view.
The wall freezes the centaur warrior.
The wall freezes the stone giant.
The stone giant hits you!
The wall freezes the komodo dragon.
The komodo dragon seems to slow down.
The wall freezes the komodo dragon!
The wall freezes the centaur warrior!
Unknown command.
Casting: Iron Shot (quite dangerous; 11% risk of failure)
Confirm with . or Enter, or press ? or * to list all spells.
The spell is quite dangerous to cast (11% risk of failure)!
Continue anyway?
Aiming: Iron Shot (quite dangerous; 11% risk of failure)
Press: ? - help, Shift-Dir - straight line, f/p - stone giant
Aim: a stone giant, quivering 4 large rocks (moderately wounded)
The iron shot hits the stone giant!!
The stone giant is severely wounded.
The wall freezes the stone giant.
The stone giant hits you!!
Ouch! That really hurt!
You die...

......'.........'.÷.........('..[
▓▓▓▓▓▓▓▓▓▓▓▓▓▓▓▓▓▓▓▓▓▓▓▓▓▓▓▓▓▓▓▓▓
....)......[.....................
▓▓▓▓▓▓▓▓▓▓▓▓▓▓▓▓▓▓▓▓▓▓▓▓▓▓▓▓▓▓▓▓▓
..'))).........))[...∩.∩.∩)∩))...
▓▓▓▓▓▓▓▓▓▓▓▓▓▓▓▓▓▓▓▓▓▓▓▓▓▓▓▓▓▓▓▓▓
...)....................).(......
▓▓▓▓▓▓▓▓▓▓▓▓▓▓▓▓▓▓▓▓▓▓▓▓▓▓▓▓▓▓▓▓▓
[[[[[[[.........@Clc9T.c
▓▓▓▓▓▓▓▓▓▓▓▓▓▓▓▓▓▓▓▓▓▓▓▓


You could see a stone giant, 2 centaur warriors, a komodo dragon (slow), a troll
and a gargoyle.

Vanquished Creatures
  2 hydras (D)
  Erolcha (D)
  A centaur warrior (D)
  2 two-headed ogres (D)
  2 ogre magi (D)
  Sonja (D)
  Urug (D)
  An orc knight (D)
  An elephant (D)
  A black mamba (D)
  2 cane toads (D)
  2 komodo dragons (D)
  A hornet (D)
  A blink frog (D)
  3 yaks (D)
  A wraith (D)
  2 basilisks (D)
  3 wargs (D)
  4 water moccasins (D)
  3 hell hounds (D)
  7 orc warriors (D)
  2 sky beasts (D)
  2 phantoms (D)
  4 wolves (D)
  7 ogres (D)
  A centaur (D)
  2 bullfrogs (D)
  A jelly (D)
  4 orc priests (D)
  6 orc wizards (D)
  A leopard gecko (D)
  6 orcs (D)
  A bat zombie (D)
  A giant cockroach (D)
  2 hobgoblins (D)
  A ball python skeleton (D)
  A ball python zombie (D)
  A jackal skeleton (D)
  A rat (D)
86 creatures vanquished.

Vanquished Creatures (collateral kills)
  A two-headed ogre (D)
  A troll (D)
  An orc warrior (D)
  An ice beast (D)
  An orc (D)
5 creatures vanquished.

Vanquished Creatures (others)
  A two-headed ogre (D)
  An orc warrior (D)
2 creatures vanquished.

Grand Total: 93 creatures vanquished

Notes
Turn   | Place    | Note
-------+----------+-------------------------------------------
     0 | D        | mhtbhm the Deep Elf Ice Elementalist began the quest for
                  | the Orb.
     0 | D        | Reached XP level 1. HP: 10/10 MP: 6/6
   130 | D        | Reached skill level 5 in Ice Magic
   200 | D        | Noticed a sky beast
   200 | D        | Noticed a phantom
   202 | D        | Reached XP level 2. HP: 15/15 MP: 5/8
   217 | D        | Found a roughly hewn altar of Beogh.
   217 | D        | Found a snail-covered altar of Cheibriados.
   217 | D        | Found a shadowy altar of Dithmenos.
   217 | D        | Found a white marble altar of Elyvilon.
   217 | D        | Found a blossoming altar of Fedhas.
   217 | D        | Found an opulent altar of Gozag.
   218 | D        | Found a hazy altar of Hepliaklqana.
   219 | D        | Found a viscous altar of Jiyva.
   220 | D        | Found an ancient bone altar of Kikubaaqudgha.
   221 | D        | Found a corrupted altar of Lugonu.
   222 | D        | Found a burning altar of Makhleb.
   223 | D        | Found a sparkling altar of Nemelex Xobeh.
   224 | D        | Found an iron altar of Okawaru.
   225 | D        | Found a stormy altar of Qazlal.
   226 | D        | Found a sacrificial altar of Ru.
   227 | D        | Found a shimmering blue altar of Sif Muna.
   228 | D        | Found a bloodstained altar of Trog.
   229 | D        | Found a hide-covered altar of Uskayaw.
   230 | D        | Found a radiant altar of Vehumet.
   231 | D        | Found an ornate altar of the Wu Jian Council.
   232 | D        | Found a shimmering altar of Xom.
   233 | D        | Found a basalt altar of Yredelemnul.
   234 | D        | Found a glowing silver altar of Zin.
   235 | D        | Found a glowing golden altar of the Shining One.
   306 | D        | Killed a sky beast
   306 | D        | Reached skill level 6 in Spellcasting
   306 | D        | Reached XP level 3. HP: 20/20 MP: 6/12
   306 | D        | Reached XP level 4. HP: 24/24 MP: 7/14
   331 | D        | Killed a phantom
   331 | D        | Reached skill level 5 in Dodging
   331 | D        | Reached skill level 8 in Spellcasting
   331 | D        | Reached skill level 1 in Evocations
   331 | D        | Reached XP level 5. HP: 14/28 MP: 5/17
   411 | D        | Learned a level 3 spell: Frozen Ramparts
   415 | D        | Learned a level 3 spell: Ozocubu's Armour
   420 | D        | Learned a level 4 spell: Hailstorm
   425 | D        | Learned a level 4 spell: Summon Ice Beast
   496 | D        | Noticed a phantom
   496 | D        | Noticed a sky beast
   496 | D        | Noticed a yak
   500 | D        | Reached skill level 1 in Fighting
   500 | D        | Reached skill level 9 in Spellcasting
   500 | D        | Reached skill level 10 in Ice Magic
   505 | D        | Reached skill level 5 in Stealth
   505 | D        | Reached XP level 6. HP: 19/34 MP: 7/20
   507 | D        | Killed a sky beast
   507 | D        | Reached skill level 10 in Spellcasting
   507 | D        | Reached skill level 1 in Conjurations
   514 | D        | Killed a yak
   514 | D        | Reached skill level 1 in Staves
   514 | D        | Reached skill level 11 in Spellcasting
   514 | D        | Reached XP level 7. HP: 29/38 MP: 4/24
   723 | D        | Noticed a wraith
   723 | D        | Noticed a hornet
   723 | D        | Noticed a troll
   723 | D        | Noticed a centaur warrior
   726 | D        | Killed a hornet
   726 | D        | Reached skill level 12 in Spellcasting
   727 | D        | Killed a wraith
   740 | D        | Reached skill level 13 in Spellcasting
   740 | D        | Reached XP level 8. HP: 24/44 MP: 19/27
   742 | D        | Killed a troll
   747 | D        | Killed a centaur warrior
   747 | D        | Reached skill level 14 in Spellcasting
   747 | D        | Reached skill level 1 in Summonings
   939 | D        | Got the +7 short sword of Discomfort {vorpal, +Inv rPois
                  | MR++ Dex-2}
   952 | D        | Noticed a cane toad
   952 | D        | Noticed a komodo dragon
   956 | D        | Reached XP level 9. HP: 49/49 MP: 18/29
   958 | D        | Reached skill level 15 in Spellcasting
   959 | D        | Killed a cane toad
   960 | D        | Reached skill level 5 in Evocations
   961 | D        | Killed a komodo dragon
   965 | D        | Reached skill level 16 in Spellcasting
  1190 | D        | Noticed a cane toad
  1190 | D        | Noticed an elephant
  1190 | D        | Noticed a seven-headed hydra
  1190 | D        | Noticed a black mamba
  1194 | D        | Reached skill level 15 in Ice Magic
  1195 | D        | Killed an elephant
  1196 | D        | Killed a cane toad
  1196 | D        | Reached skill level 17 in Spellcasting
  1196 | D        | Reached XP level 10. HP: 36/54 MP: 13/33
  1200 | D        | Killed a black mamba
  1216 | D        | Killed a seven-headed hydra
  1524 | D        | Reached skill level 5 in Conjurations
  1526 | D        | Reached skill level 18 in Spellcasting
  1762 | D        | Reached skill level 10 in Dodging
  1931 | D        | Became a worshipper of Vehumet
  2150 | D        | Noticed Erolcha
  2156 | D        | Killed Erolcha
  2156 | D        | Reached skill level 19 in Spellcasting
  2255 | D        | Reached * piety under Vehumet
  2255 | D        | Offered knowledge of Sandblast by Vehumet.
  2262 | D        | Reached ** piety under Vehumet
  2299 | D        | Reached *** piety under Vehumet
  2496 | D        | Offered knowledge of Foxfire by Vehumet.
  2497 | D        | Reached **** piety under Vehumet
  2500 | D        | Noticed an orc knight
  2521 | D        | Killed an orc knight
  2521 | D        | Reached XP level 11. HP: 47/59 MP: 17/36
  2526 | D        | Reached ***** piety under Vehumet
  2937 | D        | Found Faproaqo's Gadget Emporium.
  2937 | D        | Noticed a two-headed ogre
  2937 | D        | Noticed a two-headed ogre
  2937 | D        | Noticed a two-headed ogre
  2937 | D        | Noticed an ogre mage
  2942 | D        | Killed a two-headed ogre
  2942 | D        | Offered knowledge of Static Discharge by Vehumet.
  2943 | D        | Killed a two-headed ogre
  2946 | D        | Reached skill level 20 in Spellcasting
  2947 | D        | Killed an ogre mage
  3123 | D        | Found Coef's Distillery.
  3131 | D        | Found Keling's Antique Weapon Emporium.
  3134 | D        | Found Momulliq's Book Shoppe.
  3137 | D        | Noticed a two-headed ogre
  3138 | D        | Offered knowledge of Sticky Flame by Vehumet.
  3138 | D        | Reached ****** piety under Vehumet
  3140 | D        | Noticed an ogre mage
  3148 | D        | Killed a two-headed ogre
  3149 | D        | Killed an ogre mage
  3201 | D        | Learned a level 4 spell: Sticky Flame
  3201 | D        | Bought a book of Power for 495 gold pieces
  3205 | D        | Bought a potion of resistance for 120 gold pieces
  3205 | D        | Bought a potion of invisibility for 96 gold pieces
  3205 | D        | Bought 2 potions of heal wounds for 120 gold pieces
  3205 | D        | Bought 2 potions of curing for 72 gold pieces
  3205 | D        | Bought a potion of magic for 96 gold pieces
  3205 | D        | Bought a potion of heal wounds for 60 gold pieces
  3205 | D        | Bought a potion of curing for 36 gold pieces
  3207 | D        | Bought a tin of tremorstones (3/3) for 440 gold pieces
  3207 | D        | Bought a wand of acid (10) for 308 gold pieces
  3219 | D        | Learned a level 5 spell: Bolt of Magma
  3226 | D        | Learned a level 6 spell: Iron Shot
  3256 | D        | Noticed Urug
  3265 | D        | Killed Urug
  3265 | D        | Offered knowledge of Inner Flame by Vehumet.
  3265 | D        | Reached skill level 21 in Spellcasting
  3296 | D        | Noticed Sonja
  3302 | D        | Killed Sonja
  3550 | D        | Noticed an eight-headed hydra
  3550 | D        | Noticed a centaur warrior
  3552 | D        | Offered knowledge of Iskenderun's Mystic Blast by Vehumet.
  3555 | D        | Killed an eight-headed hydra
  3555 | D        | Reached skill level 1 in Fire Magic
  3555 | D        | Reached skill level 1 in Earth Magic
  3651 | D        | Noticed a stone giant
  3653 | D        | Noticed a centaur warrior
  3654 | D        | Slain by a stone giant

Illustrated notes

Levels and vault maps discovered:
D:        linesprint [early_d, line_temple, items_1, d_10, items_2, lair_1,
          lair_end, items_3, orc_1, orc_end, items_4, d_15, swamp_1, shoals_1,
          snake_1, spider_1, d_20, vaults_1, items_5, swamp_end, shoals_end,
          snake_end, spider_end, vaults_end, d_27, items_6, zot_1, zot_end,
          crypt_end, forest_end, elf_end, slime_end, tomb_end, abyss_end,
          pan_hell_end]

Skill      XL: |  1  2  3  4  5  6  7  8  9 10 11 |
---------------+----------------------------------+-----
Ice Magic      | 5 8 9 10 11 12 13 15 17 19 | 19.4
Dodging        | 4 5 7 9 10 | 10.6
Stealth        | 4 5 6 7 |  7.5
Spellcasting   | 6 8 9 11 13 14 17 19 21 | 21.4
Evocations     | 1 2 3 4 5 6 |  6.3
Fighting       | 1 2 |  2.8
Conjurations   | 1 2 3 4 6 8 |  8.2
Staves         | 1 2 |  2.4
Summonings     | 1 3 |  3.6
Fire Magic     | 1 |  1.3
Earth Magic    | 1 |  1.1

Action                   |  1- 3 |  4- 6 |  7- 9 | 10-12 || total
-------------------------+-------+-------+-------+-------++-------
Melee: Unarmed           |     3 |       |       |       ||     3
       Quarterstaff      |       |    11 |       |       ||    11
       Short sword       |       |       |     4 |     1 ||     5
 Cast: Freeze            |    16 |     6 |    11 |    26 ||    59
       Frozen Ramparts   |       |     1 |     5 |    14 ||    20
       Hailstorm         |       |     1 |     7 |    36 ||    44
       Summon Ice Beast  |       |       |     2 |       ||     2
       Ozocubu's Armour  |       |       |     3 |       ||     3
       Bolt of Magma     |       |       |       |     7 ||     7
       Iron Shot         |       |       |       |     2 ||     2
Evoke: Wand              |     2 |     6 |     2 |     4 ||    14
  Use: Scroll            |     1 |       |       |       ||     1
       Potion            |       |     1 |     1 |     1 ||     3
Armor: Robe              |     9 |     4 |     3 |     1 ||    17
Dodge: Dodged            |    26 |    14 |    17 |    36 ||    93

Table legend: (Time is in decaauts)
 A = Elapsed time spent in this place.
 B = Non-inter-level travel time spent in this place.
 C = Inter-level travel time spent in this place.
 D = Time resting spent in this place.
 E = Time spent auto-exploring this place.
 F = Levels seen in this place.
 G = Mean time per level.
                   A        B        C        D        E       F      G
               +--------+--------+--------+--------+--------+-----+--------+
         Total |   3636 |   3517 |    119 |   2102 |    355 |   1 | 3636.0 |
       Dungeon |   3636 |   3517 |    119 |   2102 |    355 |   1 | 3636.0 |
               +--------+--------+--------+--------+--------+-----+--------+

Top non-repeatable levels by time:
       D: 3636 daAuts
